Map: Rhoskallian LE

Players

Nyck - Winner!

  • Race: Terran Terran
  • Spawn Location: 5:00

Ekelpack - Winner!

  • Race: Zerg Zerg
  • Spawn Location: 6:00

WAYO

  • Race: Terran Terran
  • League: Silver
  • Spawn Location: 11:00

AlphaCommand

  • Race: Terran Terran
  • League: Silver
  • Spawn Location: 12:00

VOD

Have the link to the VOD?

Description

Time

  • Played on: Aug. 20, 2024, 1:29 p.m.
  • Length: 17:34
Show
View Real Time Build Order
Export as new Build Order

Nyck Terran - Winner!

Build Orders:  

Get SALT Encoding   

  12  0:02  SCV  
  13  0:14  SCV  
  14  0:20  Supply Depot  
  14  0:26  SCV  
  15  0:41  SCV  
  16  0:43  Barracks  
  16  0:53  SCV  
  17  1:06  SCV  
  18  1:18  SCV  
  19  1:31  Orbital Command, Barracks  
  19  1:41  Marine  
  19  1:44  Refinery  
  19  1:46  Refinery  
  20  1:58  Supply Depot, Marine  
  20  1:59  SCV  
  22  2:11  SCV  
  23  2:20  Marine x2  
  25  2:24  SCV, Barracks  
  26  2:40  Reaper x2  
  26  2:41  Command Center  
  28  2:50  SCV  
  29  3:01  Supply Depot  
  29  3:03  SCV  
  30  3:12  Reaper  
  31  3:23  Reaper x2  
  33  3:38  SCV  
  34  3:44  Reaper  
  34  3:46  Refinery  
  35  3:50  SCV  
  35  3:52  Refinery  
  35  3:55  Reaper x2  
  38  4:02  Factory  
  38  4:16  Reaper  
  36  4:32  Reaper x2  
  38  4:41  SCV  
  38  4:45  SCV  
  40  4:48  Reaper  
  41  4:57  SCV  
  42  5:02  SCV  
  42  5:04  Reaper x2  
  45  5:09  SCV  
  46  5:14  SCV  
  46  5:20  Reaper  
  48  5:21  SCV  
  49  5:34  SCV  
  50  5:37  SCV  
  50  5:42  Starport  
  51  5:43  Factory Tech Lab  
  51  5:46  Marine x2  
  53  5:56  SCV  
  54  6:05  Supply Depot  
  54  6:19  Orbital Command  
  54  6:26  Marine x3  
  54  6:29  Supply Depot  
  57  6:39  Command Center  
  57  6:52  Supply Depot  
  57  7:08  Command Center  
  44  7:15  Supply Depot  
  44  7:21  SCV  
  43  7:33  SCV  
  44  7:42  Starport  
  44  7:43  Factory Tech Lab  
  44  7:53  Armory  
  44  7:55  SCV x3  
  44  7:56  Armory  
  47  8:07  Supply Depot, SCV  
  48  8:14  Marine x3  
  51  8:32  Fusion Core  
  51  8:33  Marine x3  
  52  8:53  Terran Vehicle And Ship Armor Level 1, Factory Tech Lab  
  52  8:55  Terran Ship Weapons Level 1  
  52  8:57  Orbital Command  
  52  9:00  Refinery  
  52  9:01  Refinery  
  52  9:05  Orbital Command, Refinery  
  52  9:06  SCV x2  
  54  9:20  Battlecruiser x2  
  66  9:24  Weapon Refit  
  66  9:30  Starport  
  66  9:34  Marine x3  
  69  9:45  SCV x3  
  72  9:57  SCV  
  73  10:07  Starport Tech Lab  
  73  10:09  SCV  
  73  10:12  Factory  
  74  10:21  SCV x3  
  74  10:22  SCV  
  74  10:24  Battlecruiser x2  
  74  10:26  Refinery  
  90  10:33  SCV x3  
  90  10:34  SCV, Battlecruiser  
  100  10:42  Marine  
  100  10:43  Marine x2  
  100  10:45  SCV x2  
  100  10:46  SCV x2  
  92  11:28  Battlecruiser  
  92  11:29  Battlecruiser  
  101  11:38  Battlecruiser  
  106  12:31  Terran Vehicle And Ship Armor Level 2  
  106  12:32  Terran Ship Weapons Level 2  
  106  12:33  Battlecruiser x2  
  118  12:40  SCV x4  
  122  12:50  Battlecruiser  
  122  12:51  Supply Depot  
  128  12:52  SCV x3  
  128  12:58  Starport  
  131  13:07  SCV x4  
  135  13:14  Supply Depot  
  135  13:29  SCV x3  
  135  13:30  SCV  
  139  13:36  Starport  
  139  13:37  Battlecruiser x2  
  139  13:38  Supply Depot  
  151  13:50  Command Center  
  151  14:00  Battlecruiser  
  151  14:02  Supply Depot  
  157  14:04  SCV x2  
  157  14:05  SCV x2  
  161  14:13  Starport  
  161  14:15  Starport Tech Lab  
  161  14:16  SCV  
  161  14:17  SCV x2  
  164  14:23  Starport Tech Lab, SCV  
  165  14:24  Supply Depot  
  165  14:41  Battlecruiser  
  171  14:46  Battlecruiser  
  171  14:50  Starport  
  177  15:04  Orbital Command, Battlecruiser  
  177  15:05  Refinery  
  177  15:31  Refinery  
  147  15:48  Starport Tech Lab  
  147  15:51  Factory  
  147  15:53  Starport  
  147  15:54  Starport Tech Lab  
  147  16:09  SCV  
  148  16:20  SCV  
  148  16:21  SCV  
  150  16:30  SCV x3  
  150  16:32  Starport Tech Lab, SCV  
  154  16:33  SCV  
  154  16:36  Supply Depot  
  155  16:42  SCV x3  
  155  16:44  SCV  
  155  16:45  SCV  
  160  16:50  Viking  
  192  16:57  SCV  
  199  17:09  SCV  
Show
View Real Time Build Order
Export as new Build Order

Ekelpack Zerg - Winner!

Build Orders: Pool First, Roach Hydra 

Get SALT Encoding   

  12  0:00  Drone  
  13  0:08  Drone  
  14  0:18  Overlord  
  14  0:37  Drone x3  
  17  0:47  Spawning Pool  
  16  0:50  Drone  
  17  1:00  Drone, Extractor  
  17  1:11  Drone  
  18  1:25  Overlord  
  18  1:38  Hatchery  
  17  1:43  Drone x2  
  19  1:49  Queen  
  21  1:57  Drone  
  22  2:04  Roach Warren  
  22  2:07  Drone  
  22  2:20  Drone  
  23  2:22  Extractor  
  23  2:29  Queen  
  22  2:34  Overlord  
  24  2:42  Drone  
  25  2:52  Drone  
  26  3:01  Roach x3  
  26  3:02  Roach  
  34  3:06  Drone  
  35  3:14  Lair  
  35  3:16  Drone  
  36  3:20  Drone  
  37  3:27  Queen  
  39  3:42  Drone  
  39  3:43  Drone x4  
  39  3:45  Overlord  
  44  3:49  Drone, Extractor  
  44  3:53  Drone, Extractor  
  44  3:56  Overlord  
  44  4:12  Roach x4  
  52  4:29  Roach x4  
  60  4:40  Overlord  
  60  4:41  Overlord  
  60  4:42  Glial Reconstitution  
  60  5:00  Drone  
  61  5:11  Drone x6  
  61  5:12  Drone x2  
  63  5:46  Hydralisk Den  
  63  5:49  Hatchery  
  61  6:03  Tunneling Claws  
  61  6:11  Roach x2  
  61  6:12  Overlord x3, Roach x2  
  61  6:18  Overlord x2  
  69  6:19  Drone x2  
  69  6:20  Drone x5  
  69  6:23  Grooved Spines  
  76  6:29  Evolution Chamber  
  76  6:32  Evolution Chamber  
  74  6:37  Drone x2  
  76  6:47  Extractor  
  76  6:48  Extractor  
  74  6:56  Hydralisk x6  
  82  7:20  Drone x4  
  82  7:21  Drone x4  
  90  7:28  Drone x3  
  93  7:30  Zerg Missile Weapons Level 1  
  93  7:31  Zerg Ground Armor Level 1  
  93  7:33  Muscular Augments  
  93  7:51  Pneumatized Carapace  
  93  7:58  Drone x3  
  96  8:00  Drone  
  96  8:02  Drone  
  98  8:09  Hydralisk x4  
  98  8:10  Hydralisk x3  
  99  8:55  Drone x3  
  101  8:56  Drone x3  
  105  9:11  Spore Crawler  
  105  9:14  Hydralisk  
  105  9:15  Hydralisk x7  
  105  9:16  Hydralisk  
  122  9:37  Zerg Missile Weapons Level 2  
  122  9:38  Zerg Ground Armor Level 2  
  122  9:44  Infestation Pit  
  121  9:52  Overlord  
  121  9:53  Overlord x6  
  104  10:42  Hydralisk x3  
  104  10:43  Hydralisk x5  
  82  11:26  Hydralisk x4  
  82  11:27  Hydralisk x6  
  82  11:28  Hydralisk  
  88  11:54  Hydralisk x5  
  86  11:55  Hydralisk x2  
  86  11:58  Hatchery  
  85  12:17  Hydralisk x7  
  85  12:18  Hydralisk  
  99  12:38  Extractor  
  99  12:41  Hydralisk x2  
  99  12:42  Hydralisk x4  
  110  12:48  Hive  
  110  12:55  Drone x4, Overlord x2  
  114  13:22  Drone x2  
  116  13:27  Overlord x2  
  116  13:33  Hydralisk x2  
  116  13:34  Hydralisk x3  
  118  13:36  Hydralisk  
  128  13:49  Hydralisk  
  128  13:50  Hydralisk x6  
  128  13:51  Hydralisk x2  
  146  13:56  Drone x3  
  146  13:57  Overlord  
  149  14:05  Zerg Missile Weapons Level 3  
  149  14:06  Overlord, Zerg Ground Armor Level 3  
  149  14:20  Ultralisk Cavern  
  148  14:46  Hydralisk x6  
  148  14:48  Overlord x4  
  160  14:55  Metabolic Boost  
  160  14:57  Overlord  
  156  15:31  Ultralisk x4  
  156  15:32  Ultralisk x2  
  136  15:51  Zergling x8, Roach  
  136  15:52  Zergling x2  
  143  16:04  Zergling x14  
  146  16:05  Zergling x2  
  151  16:25  Overlord  
  143  16:27  Zergling x12  
  149  16:35  Extractor  
  148  16:53  Ultralisk x2  
  148  16:54  Ultralisk  
  166  16:55  Zergling x12  
  166  16:57  Zergling x2  
  173  17:16  Hatchery  
Show
View Real Time Build Order
Export as new Build Order

WAYO Terran 

Build Orders:  

Get SALT Encoding   

  12  0:02  SCV  
  13  0:15  SCV  
  13  0:20  Supply Depot  
  14  0:27  SCV  
  15  0:30  Refinery  
  15  0:44  Barracks  
  15  0:51  SCV  
  16  1:06  Barracks  
  16  1:13  SCV  
  16  1:17  Refinery  
  17  1:43  Barracks Reactor  
  17  1:51  Supply Depot  
  17  2:01  Factory  
  17  2:02  Barracks Tech Lab, SCV  
  19  2:18  Orbital Command  
  19  2:21  Marine x2  
  20  2:23  Marine  
  21  2:33  Engineering Bay  
  21  2:40  Stimpack  
  21  2:53  Factory Tech Lab  
  21  2:59  Starport  
  21  3:01  Marine  
  22  3:22  Marine  
  22  3:25  Marine  
  24  3:27  Marine  
  25  3:35  SCV  
  25  3:38  Siege Tank  
  29  3:42  Starport Reactor  
  29  3:45  Marine x2  
  31  3:53  Marine  
  33  3:55  SCV  
  33  4:10  Siege Tank  
  36  4:24  Medivac  
  38  4:48  Command Center  
  38  5:11  Medivac  
  39  5:16  Supply Depot  
  39  5:17  Supply Depot  
  31  5:36  Marine x3  
  34  5:53  Siege Tank  
  37  5:57  Liberator  
  40  6:10  SCV  
  41  6:15  Marauder  
  43  6:25  Siege Tank  
  43  6:27  Factory  
  31  7:30  SCV  
  32  7:43  SCV  
  33  7:48  Cyclone x2  
  37  7:55  SCV  
  38  7:59  SCV  
  39  8:07  SCV  
  39  8:11  SCV  
  41  8:19  SCV  
  45  8:20  Siege Tank  
  45  8:23  SCV  
  46  8:31  SCV  
  47  8:34  Refinery  
  47  8:35  SCV, Refinery  
  48  8:43  SCV  
  48  8:47  SCV  
  50  9:12  Cyclone  
  50  9:13  Cyclone  
  54  9:19  Banshee  
  54  9:22  Cloaking Field  
  57  9:28  Barracks Tech Lab  
  57  9:34  SCV  
  57  9:35  SCV  
  59  9:46  SCV  
  59  9:47  SCV  
  61  9:58  SCV  
  61  9:59  SCV  
  63  10:04  Cyclone x3  
  69  10:36  Cyclone x2  
  58  12:06  Cyclone  
  58  12:07  Siege Tank, Cyclone  
  65  12:09  Liberator  
  48  12:39  Cyclone x2  
  52  12:52  Liberator  
  52  12:53  Cyclone  
  57  13:11  Cyclone  
  59  13:25  Siege Tank  
  62  13:29  SCV, Starport  
  63  13:35  Viking  
  66  13:41  SCV  
  66  13:53  SCV  
  67  13:59  Missile Turret  
  67  14:01  Missile Turret  
  67  14:02  Missile Turret  
  67  14:06  Missile Turret x2  
  67  14:07  Viking x2  
  71  14:26  Missile Turret  
  71  14:53  Barracks Reactor  
  71  14:56  Terran Infantry Weapons Level 1  
  71  15:00  Armory  
  71  15:01  Armory  
  53  15:40  Viking  
  53  15:41  Viking x3  
  35  16:09  Planetary Fortress  
  35  16:10  Viking  
  35  16:11  Viking x2  
  41  16:35  Siege Tank  
  44  16:47  Viking x2  
  48  16:58  SCV  
  52  17:10  SCV  
Show
View Real Time Build Order
Export as new Build Order

AlphaCommand Terran 

Build Orders:  

Get SALT Encoding   

  12  0:00  SCV  
  13  0:18  Supply Depot  
  13  0:20  SCV  
  14  0:32  SCV  
  15  0:44  SCV  
  15  0:45  Refinery  
  16  0:56  SCV  
  17  1:08  SCV, Barracks  
  18  1:12  Barracks  
  18  1:21  SCV  
  19  1:31  Supply Depot  
  19  1:33  SCV  
  20  1:45  SCV  
  21  2:01  Orbital Command  
  21  2:12  Barracks Reactor  
  21  2:16  Marine  
  22  2:28  SCV  
  23  2:33  Supply Depot  
  23  2:40  SCV  
  24  2:47  Marine  
  24  2:48  Marine x2  
  27  2:57  Command Center  
  27  2:58  Refinery  
  27  3:00  Engineering Bay  
  27  3:05  Marine  
  27  3:06  Marine  
  27  3:08  Marine  
  30  3:18  SCV  
  31  3:23  Marine  
  31  3:24  Marine  
  33  3:29  Factory  
  33  3:30  Terran Infantry Weapons Level 1  
  33  3:32  Marine  
  34  3:41  Marine x2  
  36  3:50  Marine  
  37  3:58  Marine  
  37  3:59  Marine  
  39  4:09  SCV  
  36  4:21  SCV  
  26  4:37  Factory Reactor  
  26  4:42  Starport  
  26  4:46  SCV  
  26  4:47  Starport  
  26  4:50  Orbital Command  
  27  5:03  SCV  
  29  5:10  Barracks Reactor  
  29  5:13  Barracks Reactor  
  28  5:15  SCV  
  29  5:23  SCV  
  29  5:27  SCV, Starport Reactor  
  31  5:28  Factory Reactor  
  31  5:35  SCV  
  32  5:37  Liberator  
  35  5:47  SCV x2, Refinery  
  35  5:48  Marine x2  
  39  5:59  SCV x2  
  39  6:02  Missile Turret  
  41  6:04  Missile Turret  
  41  6:05  Marine  
  41  6:07  Widow Mine x2  
  41  6:09  Armory  
  46  6:11  Liberator  
  46  6:12  Missile Turret  
  49  6:21  Refinery  
  49  6:26  Liberator  
  52  6:34  Missile Turret  
  52  6:39  Marine x2  
  54  6:43  Missile Turret  
  54  7:18  Marine  
  54  7:45  Supply Depot  
  54  7:49  Missile Turret  
  54  7:52  Terran Infantry Weapons Level 2  
  54  8:06  Marine x4  
  54  8:07  Widow Mine x2  
  54  8:08  Supply Depot  
  62  8:29  Marine x2, Liberator x2  
  62  8:33  Supply Depot  
  70  8:34  Supply Depot  
  70  8:45  Liberator x2  
  70  8:47  Marine  
  70  8:48  Cyclone  
  70  8:54  SCV, Marine x3  
  70  8:55  SCV, Cyclone  
  77  8:56  Supply Depot  
  77  8:58  Supply Depot  
  77  9:05  Marine  
  77  9:07  SCV  
  79  9:10  Terran Vehicle Weapons Level 1  
  79  9:11  Command Center  
  79  9:12  Marine x3, Viking  
  84  9:20  Cyclone  
  84  9:23  Marine  
  87  9:27  Viking  
  87  9:30  Marine x2  
  91  9:38  Command Center  
  91  9:46  Viking  
  91  9:48  Medivac  
  91  9:51  Marine x2  
  91  9:52  Marine  
  86  10:44  Marine  
  86  10:45  Marine x3  
  86  10:48  Medivac  
  86  10:49  Medivac x2  
  96  10:51  Hellbat x2  
  100  11:02  Marine x2  
  101  11:12  Hellbat  
  79  11:31  Marine x4  
  79  11:32  Cyclone  
  78  11:33  Cyclone, Medivac x2  
  84  11:48  Marine  
  85  11:55  SCV  
  85  12:00  Viking x2  
  90  12:03  Viking x2  
  90  12:04  Cyclone  
  90  12:06  Marine x4  
  80  12:24  Marine x4  
  84  12:30  Viking  
  84  12:41  Orbital Command, Marine  
  84  12:42  Marine x3  
  88  12:45  SCV  
  88  12:46  SCV  
  90  12:59  Marine x2, Viking  
  90  13:00  Marine x2, Viking x2  
  100  13:17  Marine  
  100  13:19  Refinery  
  101  13:21  Marine x2  
  101  13:22  Marine  
  104  13:30  Viking  
  104  13:31  Viking x3  
  112  13:35  Marine  
  112  13:39  Marine x3  
  112  13:40  Cyclone x2  
  120  13:50  Factory  
  120  13:53  Marine, Terran Infantry Weapons Level 3  
  121  13:56  Terran Ship Weapons Level 1  
  121  13:57  Marine x3  
  121  14:00  Viking  
  121  14:01  Viking x2  
  121  14:02  Armory  
  130  14:04  SCV x2  
  130  14:08  Orbital Command  
  130  14:09  SCV  
  133  14:10  Marine  
  133  14:12  Cyclone  
  133  14:15  Marine  
  133  14:16  SCV x2  
  139  14:25  Marine  
  140  14:41  Supply Depot  
  140  14:42  Supply Depot  
  140  14:44  Marine x3  
  143  14:51  SCV x3  
  146  14:56  Factory Reactor  
  146  15:12  Marine x4  
  99  15:41  Marine  
  99  15:42  Marine x3  
  67  15:47  Cyclone x2  
  67  15:48  Viking x3  
  71  15:59  Marine  
  71  16:00  SCV, Marine x3  
  76  16:12  SCV  
  76  16:16  Barracks  
  76  16:17  Marine  
  76  16:18  Marine  
  79  16:19  Cyclone  
  79  16:24  SCV, Viking x2  
  71  16:28  Marine x2  
  73  16:35  Marine x2  
  73  16:38  SCV x3  
  78  16:46  Marine x2  
  80  16:50  SCV x2  
  80  16:53  Marine x2  
  84  16:56  Factory Tech Lab  
  83  17:04  Marine x2  
  78  17:11  Marine x2  
  78  17:13  Barracks Reactor  
Tags
 
Add a new tag
Caveats
  • Supply blocks, unpowered buildings, or Contaminate may cause inaccurate times.
  • Supply counts are checked every 10 seconds.